cohdb
Replays
Latest Replays
All Replays
Popular Replays
Top Player Replays
Match Explorer
How It Works
Community
CoH3 Stats
Reddit
Sign in to upload your games and track your stats! →
Sign in with Steam
Match 39728273
Unlisted
Match 39728273
Overview
Messages
Build Orders
End
250 Light Carrier
Selects Panzerjäger Kommand Battlegroup
Panzerpioneer Squad
Selects Mine Fields
250 Light Carrier
Construct Light Support Kompanie
Combat Half-tracks
Advanced Field Repairs
Selects GrB 39 Grenade Launcher Requisition
Construct Mechanized Kompanie
Marder III Tank Destroyer
Vehicle Survival Package
Marder III Tank Destroyer
Tungsten Core Ammunition
Marder III Tank Destroyer
Selects Crew Shock Tactics
Fire Support Elements
Selects Defensive Positions
250 Light Carrier
Panzerpioneer Squad
2.5-tonne Medical Truck
Kradschützen Motorcycle Team
Emperial Children
Zukas
its me crystal
Yardelsb
Dorbik
**DIEU DU SEXE**
Curtis James
vonAJ
0
0
Comments
sign in to comment!
No comments posted yet!